 Dungeon Crawl Stone Soup version 0.28.0-45-g0d030f2227 (console) character file.

Game seed: 8987779478377367568

217 Banquo the Chopper (level 5, 0/47 HPs)
             Began as a Hill Orc Cinder Acolyte on Apr 5, 2022.
             Was a High Priest of Ignis.
             Slain by a kobold brigand
             ... wielding a +0 dagger
              (7 damage)
             ... in a sewer.
             The game lasted 00:05:23 (3843 turns).

Banquo the Chopper (Hill Orc Cinder Acolyte)        Turns: 3843, Time: 00:05:24

Health: 0/47       AC:  5    Str: 19    XL:     5   Next: 94%
Magic:  6/6        EV: 10    Int: 14    God:    Ignis [*****.]
Gold:   120        SH:  0    Dex:  6    Spells: 6/6 levels left

rFire   + . .      SeeInvis .   a - -1 hand axe (flame)
rCold   . . .      Faith    .   (no shield)
rNeg    . . .      Spirit   .   k - +0 ring mail
rPois   .          Reflect  .   (no helmet)
rElec   .          Harm     .   (no cloak)
rCorr   .          Rampage  .   (no gloves)
Will    .....                   (no boots)
Stlth   ..........              (no amulet)
HPRegen 0.15/turn               (no ring)
MPRegen 0.10/turn               (no ring)

@: lethally poisoned (0 -> -1), slowed, very slow
A: no striking features
a: Renounce Religion, Fiery Armour, Foxfire Swarm, Rising Flame


You were in a sewer.
You worshipped Ignis.
Ignis was extremely pleased with you.
You visited 1 branch of the dungeon, and saw 4 of its levels.
You also visited: Sewer.

You collected 120 gold pieces.

Inventory:

Hand Weapons
 a - a -1 hand axe of flaming (weapon)
 f - a +2 vampiric short sword
 q - a +3 falchion
 r - a +0 hand axe of draining
Missiles
 g - 9 boomerangs (quivered)
 h - 111 stones
Armour
 b - a +0 robe
 e - a +0 leather armour
 k - a +0 ring mail (worn)
Jewellery
 j - an amulet of magic regeneration
 n - a ring of wizardry
 o - a ring of wizardry
 t - a ring of flight
Scrolls
 c - a scroll of blinking {unknown}
 d - 2 scrolls of teleportation {unknown}
 l - a scroll of amnesia {unknown}
 p - a scroll of identify {unknown}
Potions
 i - 3 potions of curing {unknown}
 m - a potion of mutation {unknown}
 s - a potion of degeneration {unknown}


   Skills:
 + Level 4.5 Fighting
 * Level 7.0 Axes
 + Level 2.2 Armour
 + Level 0.8 Dodging
 - Level 1.0 Spellcasting
 - Level 3.2 Fire Magic


You had 6 spell levels left.
You didn't know any spells.
Your spell library contained the following spells:

 Spells                   Type           Power      Damage    Failure   Level
 Scorch                   Fire           18%        2d5       17%         2


Dungeon Overview and Level Annotations

Branches:
Dungeon (4/15)             Temple (0/1) D:4           Sewer (1/1)

Altars:


Message History

You enter the shallow water.
Moving in this stuff is going to be slow.
You feel sick.
The kobold brigand hits you with a +0 dagger!
The kobold brigand splashes around in the water.
You see here an adder corpse.
You hit the kobold brigand. You burn the kobold brigand.
The kobold brigand is lightly wounded.
You feel sick.
The kobold brigand hits you with a +0 dagger.
You barely miss the kobold brigand.
The kobold brigand is lightly wounded.
You feel sick.
The kobold brigand splashes around in the water.
You feel sick.
The kobold brigand throws a curare-tipped dart.
The curare-tipped dart hits you.
You are more poisoned.
You have difficulty breathing.
You feel yourself slow down.
You are too injured to fight recklessly!
You feel very sick.
You slash the kobold brigand! You burn the kobold brigand.
The kobold brigand is moderately wounded.
You feel sick.
The kobold brigand hits you but does no damage.
You closely miss the kobold brigand.
The kobold brigand is moderately wounded.
You feel sick.
The kobold brigand splashes around in the water.
You hit the kobold brigand. You burn the kobold brigand.
The kobold brigand is heavily wounded.
You feel sick.
The kobold brigand hits you with a +0 dagger.
* * * LOW HITPOINT WARNING * * *
The kobold brigand splashes around in the water.
You hit the kobold brigand but do no damage.
The kobold brigand is heavily wounded.
You feel sick.
The kobold brigand hits you with a +0 dagger!
You die...

### ####≈.≈
#####≈≈≈≈. ≈≈≈..≈.
#######≈K≈.≈# ≈≈≈≈≈.
##....≈≈@###.≈≈≈.
.≈≈..# #..≈.≈≈≈≈#
###
≈≈...####≈≈..≈.≈.#
.≈≈≈≈≈##.≈.≈####≈≈.≈
.≈..≈.≈.≈..## #####
.≈≈.....≈.##
.∩...≈..≈≈#
....≈≈.≈≈≈#
.∩.......≈#


You could see a kobold brigand.

Vanquished Creatures
  A water moccasin skeleton (D:4)
  A bullfrog zombie (D:4)
  6 adders
  3 worms
  4 dart slugs
  5 orcs (D:3)
  5 endoplasms
  2 giant cockroaches
  4 goblins
  3 hobgoblins
  4 jackals (D:3)
  5 quokkas
  6 ball pythons
  5 bats
  3 frilled lizards
  4 kobolds
  9 rats
70 creatures vanquished.

Vanquished Creatures (others)
  A fungus (D:2)
1 creature vanquished.

Grand Total: 71 creatures vanquished

Notes
Turn   | Place    | Note
-------+----------+-------------------------------------------
     0 | D:1      | Banquo the Hill Orc Cinder Acolyte began the quest for the
                  | Orb.
     0 | D:1      | Reached XP level 1. HP: 19/19 MP: 2/2
   286 | D:1      | HP: 1/20 [quokka (3)]
   622 | D:1      | Reached XP level 2. HP: 23/27 MP: 3/3
  1005 | D:1      | Reached skill level 5 in Axes
  1260 | D:2      | Reached XP level 3. HP: 33/33 MP: 4/4
  1586 | D:2      | Reached XP level 4. HP: 35/40 MP: 5/5
  2541 | D:3      | Reached skill level 6 in Axes
  2601 | D:3      | Reached skill level 1 in Armour
  3371 | D:3      | Reached XP level 5. HP: 45/46 MP: 6/6
  3512 | D:4      | Found a staircase to the Ecumenical Temple.
  3801 | D:4      | Found a glowing drain.
  3805 | Sewer    | Entered a sewer
  3825 | Sewer    | Noticed a kobold brigand
  3835 | Sewer    | Reached skill level 7 in Axes
  3843 | Sewer    | Slain by a kobold brigand

Illustrated notes

Levels and vault maps discovered:
D:1:      grunt_arrival_crossed_arrows, layout_basic, st_stairs_2,
          amcnicky_mini_pool_small
D:2:      layout_basic, minmay_shallow_snake_nest
D:3:      layout_basic
D:4:      layout_cave_pods, minmay_temple_entry_large_hall,
          lightli_ossuary_entry_decrepit_ruins, gup_sewer_entry_bowl
Sewer:    sewer_co_tree

Skill      XL: |  1  2  3  4  5 |
---------------+----------------+-----
Axes           | 5 6 7 |  7.0
Fighting       | 4 |  4.5
Armour         | 1 2 |  2.2
Dodging        | |  0.8
Spellcasting   | |  1.0
Fire Magic     | |  3.2

Action                   |  1- 3 |  4- 6 || total
-------------------------+-------+-------++-------
Melee: Hand axe          |    87 |   176 ||   263
       Punch             |       |     2 ||     2
Armor: Robe              |     2 |       ||     2
       Leather armour    |    12 |     7 ||    19
       Ring mail         |       |    49 ||    49
Dodge: Dodged            |    56 |    86 ||   142
